 Dungeon Crawl Stone Soup version 0.17.1-2-g5865329 (webtiles) character file.

3049 Peloso the Blocker (level 9, -2/79 HPs)
             Began as a Minotaur Fighter on Jan 9, 2016.
             Was a Follower of Okawaru.
             Killed from afar by a gargoyle (25 damage)
             ... with a stone arrow
             ... on level 8 of the Dungeon on Jan 10, 2016.
             The game lasted 00:23:17 (6859 turns).

Peloso the Blocker (Minotaur Fighter)               Turns: 6859, Time: 00:23:17

Health: -2/79      AC:  9    Str: 24    XL:     9   Next: 57%
Magic:  8/8        EV:  9    Int:  5    God:    Okawaru [*.....]
Gold:   406        SH: 11    Dex: 10    Spells: 0 memorised, 8 levels left

rFire  . . .     SeeInvis .     a - +0 long sword
rCold  . . .     Clarity  .     t - +0 chain mail
rNeg   . . .     SustAt   .     c - +0 shield
rPois  .         Gourm    .     (helmet restricted)
rElec  .         Spirit   .     (no cloak)
rCorr  .         Warding  .     (no gloves)
rMut   .         Stasis   .     (no boots)
MR     .....                    (no amulet)
Stlth  ..........               (no ring)
                                d - -2 ring of protection (curse)

@: not resistant to hostile enchantments, extremely unstealthy
A: retaliatory headbutt, horns 2
a: Heroism, Renounce Religion


You were on level 8 of the Dungeon.
You worshipped Okawaru.
Okawaru was aware of your devotion.
You were not hungry.

You visited 2 branches of the dungeon, and saw 9 of its levels.
You also visited: Sewer.

You collected 406 gold pieces.

Inventory:

Hand Weapons
 a - a +0 long sword (weapon)
 w - a cursed -1 short sword
Armour
 b - a +0 scale mail
 c - a +0 shield (worn)
 t - a +0 chain mail (worn)
Jewellery
 d - a cursed -2 ring of protection (left hand)
 z - an uncursed ring of protection from fire {unknown}
Wands
 f - a wand of slowing (0)
 o - a wand of fireball (10)
 y - a wand of digging (12)
 G - a wand of enslavement (20)
Scrolls
 g - 2 scrolls of fog
 h - 6 scrolls of remove curse
 i - 6 scrolls of identify
 j - 6 scrolls of teleportation {unknown}
 l - a scroll of immolation {unknown}
 p - 3 scrolls of blinking {unknown}
 q - 2 scrolls of amnesia {unknown}
 v - a scroll of recharging {unknown}
 C - a scroll of enchant armour {unknown}
 F - a scroll of noise {unknown}
Potions
 m - a potion of brilliance
 n - 2 potions of magic
 s - 3 potions of agility {unknown}
 u - 2 potions of lignification {unknown}
 x - 4 potions of curing {unknown}
 A - a potion of mutation {unknown}
 D - 2 potions of heal wounds {unknown}
Comestibles
 e - 6 bread rations
 k - 4 meat rations
 r - a slice of pizza
 B - a beef jerky
 E - 3 chunks of flesh
 H - 2 fruits


   Skills:
 + Level 7.3 Fighting
 + Level 7.2 Long Blades
 + Level 8.3 Armour
 + Level 6.5 Dodging
 + Level 0.8 Stealth
 + Level 8.5 Shields


You had 8 spell levels left.
You didn't know any spells.

Dungeon Overview and Level Annotations

Branches:
Dungeon (8/15)             Temple (1/1) D:7
   Lair: D:8-11

Altars:
Cheibriados
Elyvilon
Fedhas
Kikubaaqudgha
Makhleb
Nemelex Xobeh
Okawaru
Qazlal
Ru
Trog
Vehumet
Xom
Zin


Innate Abilities, Weirdness & Mutations

You reflexively headbutt those who attack you in melee.
You have a pair of horns on your head.


Message History

The gargoyle is lightly damaged.
You block the gargoyle's attack.
You barely miss the gargoyle.
You headbutt the gargoyle, but do no damage.
The gargoyle is lightly damaged.
The gargoyle hits you but does no damage.
You hit the gargoyle but do no damage. Your headbutt misses the gargoyle.
The gargoyle is lightly damaged.
The gargoyle hits you with a flail!
You completely miss the gargoyle.
You headbutt the gargoyle, but do no damage.
The gargoyle is lightly damaged.
The gargoyle hits you with a flail!
* * * LOW HITPOINT WARNING * * *
You hit the gargoyle but do no damage.
You headbutt the gargoyle, but do no damage.
The gargoyle is lightly damaged.
The gargoyle hurls a stone arrow at you.
The stone arrow hits you!
You die...

#...## #.##.##.. .....
#.##.##.. # #...#
#.##.##.. #. #...#
#.##.##.> ##.####...#
#.##..... #./...(...#
#.#......
#.##.#†..######.#......
+....)..........'......
#.##.#@#......#.#......
#.#9######.#.######.
..#o# #.#.# ####o#
#.#.. #.# #.#.. ...
#.#.#. ... ...... #.#
#..


You could see a gargoyle and 2 orcs.

Vanquished Creatures
  Pikel (D:4)
  Edmund (D:4)
  An orc warrior (D:7)
  2 centaurs
  5 ogres
  7 giant frogs
  A water moccasin skeleton (D:5)
  A scorpion (D:7)
  A giant frog zombie (D:7)
  A quasit (D:6)
  A giant frog skeleton (D:6)
  A centaur skeleton (D:5)
  A jelly (D:6)
  A gnoll shaman (D:7)
  4 hounds
  7 orc priests
  3 orc wizards
  Natasha (thrice) (D:3)
  An iguana (D:7)
  2 worker ants
  A hound skeleton (D:7)
  Robin (D:3)
  7 adders
  12 gnolls
  10 oozes
  5 worms
  11 giant geckos
  18 orcs
  12 ball pythons (Sewer)
  13 giant cockroaches
  11 goblins
  9 hobgoblins
  3 quokkas
  7 bats
  13 giant newts
  2 jackals (D:2)
  10 kobolds
  A quokka skeleton (D:5)
  7 rats
198 creatures vanquished.

Vanquished Creatures (others)
  The ghost of Runnr the Insei, an amateur DsTm (D:4)
  A hippogriff (D:4)
  A slave (D:4)
  An adder (D:4)
  2 oozes (D:4)
  A giant gecko (D:4)
7 creatures vanquished.

Grand Total: 205 creatures vanquished

Notes
Turn   | Place    | Note
--------------------------------------------------------------
     0 | D:1      | Peloso the Minotaur Fighter began the quest for the Orb.
     0 | D:1      | Reached XP level 1. HP: 19/19 MP: 0/0
   251 | D:1      | Reached XP level 2. HP: 27/27 MP: 1/1
   326 | D:1      | Reached skill level 4 in Shields
   547 | D:2      | Reached XP level 3. HP: 33/33 MP: 2/2
   901 | D:2      | Noticed a moth of wrath
   903 | D:2      | Found a bloodstained altar of Trog.
  1015 | D:3      | Noticed Natasha
  1028 | D:3      | Killed Natasha
  1028 | D:3      | Reached skill level 1 in Dodging
  1028 | D:3      | Reached XP level 4. HP: 31/40 MP: 3/3
  1047 | D:3      | Noticed Natasha
  1053 | D:3      | Killed Natasha
  1193 | D:3      | Noticed Natasha
  1195 | D:3      | Noticed Robin
  1206 | D:3      | Killed Natasha
  1213 | D:3      | Killed Robin
  1645 | D:3      | Reached XP level 5. HP: 38/47 MP: 4/4
  1742 | D:4      | Noticed Pikel
  1742 | D:4      | Noticed a slave
  1742 | D:4      | Noticed a slave
  1743 | D:4      | Noticed a slave
  1743 | D:4      | Noticed a slave
  1748 | D:4      | Noticed Runnr's ghost (amateur DsTm)
  1753 | D:4      | Killed Pikel
  1753 | D:4      | Reached skill level 5 in Fighting
  1753 | D:4      | Reached skill level 5 in Shields
  1753 | D:4      | Reached XP level 6. HP: 18/56 MP: 5/5
  1753 | D:4      | Reached XP level 7. HP: 19/61 MP: 6/6
  1760 | D:4      | Killed Runnr's ghost
  1760 | D:4      | Reached skill level 5 in Armour
  1760 | D:4      | Reached skill level 6 in Shields
  1943 | D:4      | Killed a freed slave
  1972 | D:4      | Noticed a hippogriff
  1978 | D:4      | Killed a hippogriff
  2114 | D:4      | Found a glowing drain.
  2164 | Sewer    | Entered a sewer
  2466 | Sewer    | Reached skill level 5 in Long Blades
  2497 | Sewer    | Reached skill level 5 in Dodging
  2501 | Sewer    | Reached XP level 8. HP: 42/70 MP: 7/7
  2670 | D:4      | Noticed an ogre
  2675 | D:4      | Killed an ogre
  2707 | D:4      | HP: 3/70 [orc priest/trident (4)]
  3640 | D:4      | Noticed Edmund
  3653 | D:4      | Killed Edmund
  3707 | D:5      | Entered Level 5 of the Dungeon
  3717 | D:5      | Found a glowing silver altar of Zin.
  3792 | D:5      | Reached skill level 7 in Shields
  4956 | D:6      | Reached XP level 9. HP: 73/78 MP: 8/8
  5862 | D:7      | Reached skill level 8 in Shields
  6306 | D:7      | Found a staircase to the Ecumenical Temple.
  6315 | Temple   | Entered the Ecumenical Temple
  6339 | Temple   | Became a worshipper of Warmaster Okawaru
  6746 | D:7      | Upgraded the game from 0.17.1-1-g73c8601 to 0.17.1-2-g5865329
  6840 | D:8      | Noticed a gargoyle
  6845 | D:8      | Reached * piety under Okawaru
  6859 | D:8      | Killed from afar by a gargoyle

Action                   |  1- 3 |  4- 6 |  7- 9 || total
-------------------------+-------+-------+-------++-------
Melee: Long sword        |    95 |    74 |   445 ||   614
  Use: Potion            |       |     1 |     1 ||     2
       Scroll            |       |       |     4 ||     4
  Eat: Chunk             |       |     3 |    16 ||    19
       Beef jerky        |       |       |     1 ||     1
